 Dungeon Crawl Stone Soup version 0.28.0-45-g0d030f2227 (webtiles) character file.

Game seed: 16530491933148686547

13 calli0pe the Ruffian (level 2, -3/24 HPs)
             Began as a Human Cinder Acolyte on Apr 8, 2022.
             Was a High Priest of Ignis.
             Splashed by a jelly's acid (7 damage)
             ... on level 4 of the Dungeon.
             The game lasted 00:02:43 (661 turns).

calli0pe the Ruffian (Human Cinder Acolyte)          Turns: 661, Time: 00:02:49

Health: -3/24      AC: -6    Str: 14    XL:     2   Next: 50%
Magic:  3/3        EV: 11    Int: 14    God:    Ignis [*****.]
Gold:   8          SH:  0    Dex:  8    Spells: 3/3 levels left

rFire   + . .      SeeInvis .   c - +0 short sword (venom)
rCold   . . .      Faith    .   (no shield)
rNeg    . . .      Spirit   .   a - +0 robe
rPois   .          Reflect  .   (no helmet)
rElec   .          Harm     .   (no cloak)
rCorr   .          Rampage  .   (no gloves)
Will    .....                   (no boots)
Stlth   +.........              (no amulet)
HPRegen 0.08/turn               (no ring)
MPRegen 0.08/turn               (no ring)

@: corroded
A: no striking features
a: Renounce Religion, Fiery Armour, Foxfire Swarm, Rising Flame


You were on level 4 of the Dungeon.
You worshipped Ignis.
Ignis was extremely pleased with you.
You visited 1 branch of the dungeon, and saw 4 of its levels.

You collected 8 gold pieces.

Inventory:

Hand Weapons
 c - a +0 short sword of venom (weapon)
Missiles
 d - 33 bolts
Armour
 a - a +0 robe (worn)
Scrolls
 b - a scroll of immolation {unknown}
 f - a scroll of identify {unknown}
Potions
 e - a potion of flight {unknown}
 g - a potion of heal wounds {unknown}


   Skills:
 + Level 3.1 Fighting
 + Level 0.4 Dodging
 + Level 3.3 Unarmed Combat
 + Level 1.0 Spellcasting
 + Level 3.1 Fire Magic


You had 3 spell levels left.
You didn't know any spells.
Your spell library contained the following spells:

 Spells                   Type           Power      Damage    Failure   Level
 Scorch                   Fire           18%        2d6       11%         2


Dungeon Overview and Level Annotations

Branches:
Dungeon (4/15)
 Temple: D:4-7

Altars:

Annotations:
D:3 Robin


Message History

You kill the rat!
You see here a rat corpse.
There is an escape hatch in the floor here.
There is an escape hatch in the floor here.
Found a black potion.
There is an escape hatch in the floor here.
You slide downwards.
The hatch slams shut behind you.
Robin shouts!
The goblin shouts! x3; The hobgoblin shouts!
You hear a shout!
Found a scroll labelled TAMEIBL GOACLE and 13 gold pieces.
Found a stone staircase leading down. 2 goblins come into view.
A goblin comes into view. It is wielding a +0 dagger.
Robin roars a battlecry!
The goblins go into a battle-frenzy!
You hear a shout! x3
The goblin shouts!
A goblin comes into view. It is wielding a +0 club.
There is a stone staircase leading down here.
Robin throws the goblin at you!
You climb downwards.
There is a stone staircase leading up here.
Found a stone staircase leading down.
There is a stone staircase leading down here.
Found a robe.
You open the door.
A jelly comes into view.
The jelly quivers.
There is an open door here.
Found a glowing long sword.
The jelly hits you.
You are splashed with acid.
You hit the jelly.
Your hands burn!
The jelly is moderately wounded.
The jelly misses you.
You hit the jelly.
The jelly is poisoned.
The acid corrodes you!
Your hands burn!
* * * LOW HITPOINT WARNING * * *
The jelly is heavily wounded.
The jelly hits you.
* * * LOW HITPOINT WARNING * * *
The acid corrodes you!
You are splashed with acid!
You die...

########## ###
..[......## .
....####......#####....
.......>......'@J......
..............#####....
#.#####.......# ) ###
#.#....## ...#.###.##
#.#.# #.# #...# #.#
###.# #.. #.####### #


You could see a jelly (very poisoned).

Vanquished Creatures
  A ball python (D:2)
  2 bats
  A giant cockroach (D:2)
  A goblin (D:1)
  A hobgoblin (D:2)
  A frilled lizard (D:2)
  2 kobolds (D:1)
  4 rats (D:2)
13 creatures vanquished.

Notes
Turn   | Place    | Note
-------+----------+-------------------------------------------
     0 | D:1      | calli0pe the Human Cinder Acolyte began the quest for the
                  | Orb.
     0 | D:1      | Reached XP level 1. HP: 18/18 MP: 2/2
   443 | D:2      | Reached XP level 2. HP: 12/24 MP: 3/3
   622 | D:3      | Noticed Robin
   661 | D:4      | Splashed by a jelly's acid

Illustrated notes

Levels and vault maps discovered:
D:1:      saegor_arrival_simple_c, layout_basic
D:2:      layout_loops_ring, basic_altar, basic_ecumenical_altar
D:3:      layout_rooms, uniq_sigmund, uniq_robin, uniq_natasha
D:4:      layout_basic

Action                   || total
-------------------------++-------
Melee: Short sword       ||    34
       Unarmed           ||     7
Armor: Robe              ||    25
Dodge: Dodged            ||    55
